 Dungeon Crawl Stone Soup version 0.28-a0-750-g7c675f85b1 (console) character file.

Game seed: 5151762297939571630

242290 petzl the Eclecticist (level 19, -2/143 HPs)
             Began as an Octopode Arcane Marksman on Oct 29, 2021.
             Was the Champion of Vehumet.
             Killed from afar by an acid blob (31 damage)
             ... with a splash of acid
             ... on level 5 of the Lair of Beasts on Nov 1, 2021.
             The game lasted 08:25:14 (63722 turns).

petzl the Eclecticist (Octopode Arcane Marksman)   Turns: 63722, Time: 08:25:14

Health: -2/143     AC: -3    Str: 10    XL:     19   Next: 83%
Magic:  22/42      EV: 20    Int: 33    God:    Vehumet [******]
Gold:   1265       SH: 10    Dex: 24    Spells: 1/56 levels left

rFire   . . .      SeeInvis +   a - +2 long sword (protect)
rCold   + . .      Faith    .   S - +3 warlock's mirror {reflect}
rNeg    + . .      Spirit   .   (helmet restricted)
rPois   +          Reflect  +   P - amulet of the acrobat
rElec   +          Harm     .   h - ring of see invisible
rCorr   .          Rampage  .   X - +4 ring of evasion
Will    +++++                   p - ring "Foareso" {Will+ AC+4 Dex+2 Stlth+}
Stlth   +++++++...              A - ring "Naacloxon" {Fly rPois rC+}
HPRegen 0.33/turn               G - ring of Hedonism {Wiz rElec rN+ Will+}
MPRegen 0.28/turn               g - ring "Jemogg" {Will+ Dex+6}
                                M - +6 ring of intelligence
                                z - ring "Jialyjup" {Str-2 Int+6 Dex+4 Slay+4}

@: corroded, flying
A: almost no armour, amphibious, 8 rings, camouflage 1, gelatinous body 1,
(nimble swimmer 1), tentacles, strong-willed 1, sense surroundings 1
}: 1/15 runes: barnacled
a: Renounce Religion


You were on level 5 of the Lair of Beasts.
You worshipped Vehumet.
Vehumet was exalted by your worship.
You visited 7 branches of the dungeon, and saw 32 of its levels.
You also visited: Gauntlet.

You collected 4497 gold pieces.
You spent 3232 gold pieces at shops.

Inventory:

Hand Weapons
 a - a +2 long sword of protection (weapon)
 b - a +4 vorpal hand crossbow
 H - a +1 double sword of venom
Missiles
 y - 6 throwing nets
 C - 222 bolts
 V - 11 curare-tipped darts {!*}
Armour
 S - the +3 warlock's mirror (worn) {reflect}
   (You acquired it in a Gauntlet)

   It can block and reflect piercing ranged attacks and magical attacks against
   the wielder's willpower.
Jewellery
 g - the ring "Jemogg" (on tentacle) {Will+ Dex+6}
   (You bought it in a shop on level 15 of the Dungeon)

   [ring of willpower]

   Dex:       It affects your dexterity (+6).
   Will:      It increases your willpower.
 h - a ring of see invisible (left tentacle)
 p - the ring "Foareso" (on tentacle) {Will+ AC+4 Dex+2 Stlth+}
   (You bought it in a shop on level 15 of the Dungeon)

   [ring of protection]

   AC:        It affects your AC (+4).
   Dex:       It affects your dexterity (+2).
   Will:      It increases your willpower.
   Stlth:     It makes you more stealthy.
 q - a ring of protection from fire
 z - the ring "Jialyjup" (on tentacle) {Str-2 Int+6 Dex+4 Slay+4}
   (You took it off a deep elf knight on level 3 of the Elven Halls)

   [ring of slaying]

   Str:       It affects your strength (-2).
   Int:       It affects your intelligence (+6).
   Dex:       It affects your dexterity (+4).
   Slay:      It affects your accuracy & damage with ranged weapons and melee
   (+4).
 A - the ring "Naacloxon" (on tentacle) {Fly rPois rC+}
   (You found it in a Gauntlet)

   [ring of protection from cold]

   rC:        It protects you from cold.
   rPois:     It protects you from poison.
   Fly:       It grants you flight.
 G - the ring of Hedonism (on tentacle) {Wiz rElec rN+ Will+}
   (You found it on level 9 of the Dungeon)

   [ring of wizardry]

   It improves your spell success rate.
   rElec:     It insulates you from electricity.
   rN:        It protects you from negative energy.
   Will:      It increases your willpower.
 M - a +6 ring of intelligence (on tentacle)
 P - an amulet of the acrobat (around mantle)
 X - a +4 ring of evasion (right tentacle)
Wands
 c - a wand of paralysis (14)
 r - a wand of flame (52)
 v - a wand of acid (16)
 N - a wand of iceblast (25)
Scrolls
 d - 6 scrolls of teleportation
 i - 10 scrolls of identify
 j - 2 scrolls of holy word
 s - 2 scrolls of magic mapping
 t - 4 scrolls of blinking
 Q - 2 scrolls of fear
 T - 6 scrolls of fog
 Z - 2 scrolls of summoning
Potions
 e - 4 potions of heal wounds
 k - 4 potions of haste
 m - 3 potions of ambrosia
 n - 9 potions of curing
 o - 2 potions of resistance
 u - 4 potions of cancellation
 D - a potion of invisibility
 J - 6 potions of lignification
Miscellaneous
 E - a condenser vane
 I - a phantom mirror
 W - a lightning rod (4/4)


   Skills:
 + Level 16.9 Fighting
 - Level 2.7 Long Blades
 - Level 3.0 Maces & Flails
 - Level 1.2 Polearms
 - Level 4.0 Crossbows
 - Level 4.0 Dodging
 - Level 10.4 Stealth
 - Level 5.5 Shields
 + Level 19.4 Spellcasting
 + Level 14.4 Conjurations
 - Level 3.9 Hexes
 - Level 1.9 Translocations
 - Level 1.2 Transmutations
 + Level 10.2 Fire Magic
 - Level 5.3 Ice Magic
 - Level 8.0 Air Magic
 - Level 3.0 Poison Magic
 - Level 3.0 Evocations


You had one spell level left.
You knew the following spells:

 Your Spells              Type           Power      Damage    Failure   Level
a - Slow                  Hex            100%       N/A       1%          1
b - Poisonous Vapours     Pois/Air       100%       N/A       1%          2
c - Shock                 Conj/Air       100%       1d9       0%          1
e - Fireball              Conj/Fire      42%        3d17      1%          5
g - Summon Small Mammal   Summ           100%       N/A       1%          1
l - Freezing Cloud        Conj/Ice/Air   37%        6-21      1%          5
m - Mephitic Cloud        Conj/Pois/Air  73%        N/A       1%          3
o - Orb of Destruction    Conj           45%        9d15      1%          7
s - Sticky Flame          Conj/Fire      85%        2d10      1%          4
A - Ozocubu's Armour      Ice            61%        N/A       1%          3
B - Blink                 Tloc           88%        N/A       1%          2
F - Conjure Flame         Conj/Fire      85%        6-21      0%          3
G - Conjure Ball Lightni  Conj/Air       41%        3x3d13    1%          6
H - Swiftness             Air            71%        N/A       1%          3
I - Ignition              Fire           39%        3d12      12%         8
P - Apportation           Tloc           88%        N/A       1%          1

Your spell library contained the following spells:

 Spells                   Type           Power      Damage    Failure   Level
 Lehudib's Crystal Spear  Conj/Erth      34%        10d9      34%         8
 Fire Storm               Conj/Fire      42%        8d11      52%         9
 Polar Vortex             Ice            30%        N/A       100%        9
 Foxfire                  Conj/Fire      100%       2x1d9     0%          1
 Animate Skeleton         Necr           64%        N/A       1%          1
 Freeze                   Ice            100%       1d11      1%          1
 Sting                    Tmut/Pois      100%       1d8       1%          1
 Static Discharge         Conj/Air       82%        N/A       0%          2
 Corpse Rot               Necr/Air       100%       N/A       1%          2
 Ensorcelled Hibernation  Hex/Ice        100%       N/A       1%          2
 Confusing Touch          Hex            55%        N/A       1%          3
 Dazzling Flash           Conj/Hex       100%       N/A       1%          3
 Inner Flame              Hex/Fire       68%        N/A       1%          3
 Lesser Beckoning         Tloc           44%        N/A       1%          3
 Portal Projectile        Hex/Tloc       100%       N/A       1%          3
 Summon Guardian Golem    Hex/Summ       45%        N/A       1%          3
 Tukima's Dance           Hex            55%        N/A       1%          3
 Airstrike                Air            35%        N/A       1%          4
 Cause Fear               Hex            27%        N/A       1%          4
 Flame Wave               Conj/Fire      85%        3d14      1%          4
 Iskenderun's Mystic Bla  Conj/Tloc      72%        2d15      1%          4
 Summon Lightning Spire   Summ/Air       55%        N/A       1%          4
 Lightning Bolt           Conj/Air       41%        1d60      1%          5
 Yara's Violent Unravell  Hex/Tmut       24%        3d11      1%          5
 Starburst                Conj/Fire      42%        6d12      1%          6
 Dispel Undead            Necr           32%        3d14      4%          4
 Spellforged Servitor     Conj/Summ      34%        N/A       5%          7
 Manifold Assault         Tloc           44%        N/A       6%          5
 Eringya's Noxious Bog    Tmut/Pois      23%        N/A       8%          6
 Ozocubu's Refrigeration  Ice            30%        4d11      12%         7
 Simulacrum               Ice/Necr       24%        N/A       22%         6
 Dispersal                Tloc           22%        N/A       28%         6
 Storm Form               Tmut/Air       29%        N/A       45%         7
 Discord                  Hex            27%        N/A       99%         8
 Disjunction              Tloc           22%        N/A       100%        8


Dungeon Overview and Level Annotations

Branches:
Dungeon (15/15)            Temple (1/1) D:7            Lair (6/6) D:10
 Shoals (4/4) Lair:3        Snake (0/4) Lair:3        Slime (0/5) Lair:5
    Orc (2/2) D:12            Elf (3/3) Orc:2        Vaults (0/5) D:13
 Depths (1/4) D:15        Gauntlet (visited)

Altars:
Ashenzari
Cheibriados
Dithmenos
Elyvilon
Fedhas
Gozag
Hepliaklqana
Kikubaaqudgha
Makhleb
Nemelex Xobeh
Okawaru
Qazlal
Ru
Sif Muna
Trog
Uskayaw
Vehumet
Wu Jian
Xom
Yredelemnul
The Shining One
Jiyva

Shops:
D:6 :   D:7 **   D:15 =   Orc:1 :   Orc:2 [[*(   Elf:3 (::=

Annotations:
D:11 Fannar
D:12 2 transporters, exclusion: 2 downstairs, Uhucan's ghost, journeyman MiBe
Lair:1 2 transporters, bande's ghost, journeyman GrFi
Elf:1 exclusion: downstairs


Innate Abilities, Weirdness & Mutations

You cannot wear most types of armour.
You are amphibious.
You can wear up to eight rings at the same time.
Your skin changes colour to match your surroundings (Stealth+).
Your rubbery body absorbs attacks. (AC +1, EV +1)
((You are camouflaged near water. (Stealth+)))
You have tentacles for arms and can constrict up to eight enemies at once.
You are strong-willed. (Will+)
You passively map a small area around you.


Message History

The splash of acid hits you!!
The acid blob is engulfed in blazing flames.
Casting: Blink (safe; 1% risk of failure)
Confirm with . or Enter, or press ? or * to list all spells.
Aiming: Sticky Flame (safe; 1% risk of failure)
Press: ? - help, Shift-Dir - straight line, f - acid blob, p - acid blob
Aim: an acid blob (lightly wounded, 100% to hit)
The sticky flame hits the acid blob!
The acid blob is moderately wounded.
The acid blob is covered in liquid flames!
The acid blob burns! x2
The acid blob is engulfed in blazing flames. x2
The acid blob hits you!!
You are splashed with acid!
You feel stable enough to blink again.
The acid blob burns! x2
The acid blob is engulfed in blazing flames.
The acid blob completely misses you.
The large slime creature is engulfed in blazing flames.
The acid blob closely misses you.
Casting: Sticky Flame (safe; 1% risk of failure)
Confirm with . or Enter, or press ? or * to list all spells.
You blink.
The acid blob burns!
The acid blob spits acid at you. The splash of acid hits you.
The acid corrodes you!
Casting: Blink (safe; 1% risk of failure)
Confirm with . or Enter, or press ? or * to list all spells.
Aiming: Freezing Cloud (safe; 1% risk of failure)
Press: ? - help, Dir - move target, f - acid blob, p - acid blob
Aim: an acid blob (lightly wounded)
You feel stable enough to blink again.
The acid blob burns! x2
The acid blob is engulfed in freezing vapours.
The acid blob spits acid at you. The splash of acid hits you!!
* * * LOW HITPOINT WARNING * * *
The acid corrodes you!
The acid blob is engulfed in freezing vapours.
The acid blob spits acid at you. The splash of acid hits you!!
You die...

....########..##............# ....##
##.#............## ...P..###
###...........## ........##
#...........# .........#
##..........P##
.........#####P...........P#
.........##.###.#.#####...##
.PP.........###...#...#...## ####*##
.PP............P..#>._'....###..##.##
.#...........#....#...#......#......#
#.#....P..........#####.J.PP........#
.....................§§§.J..........#
......##.............JJJ............#
.....................§§§............#
....................................#
....................................#
....................................#
....................................#
.....................@..............#
............................P.......#
....................................#
P...................................#
.P..................................#
...P................................#
..............##....................#
.............#......................#
.............##.........####........#
..............#..........#####.P.#..#
............####.........P# #.#.####
............# #..........### #####
.#.........## ##............#
.........### ##..........##
........## ##...........# .......##
##............# ...P######
##.............##
...####P.###.#..............#
...#.###.##..#..............#


You could see 4 acid blobs.

Vanquished Creatures
  A deep elf master archer (Elf:3)
  2 krakens
  Polyphemus (Shoals:3)
  Donald (Shoals:3)
  Ilsuiw (Shoals:3)
  Aizul (Elf:3)
  7 deep elf sorcerers (Elf:3)
  An orc warlord (D:12)
  A ghoul (D:13)
  6 deep elf elementalists (Elf:3)
  A stone giant (Depths:1)
  10 deep elf annihilators (Elf:3)
  5 deep elf demonologists (Elf:3)
  A minotaur (Gauntlet)
  Azrael (D:15)
  The ghost of Gukkel the Fighter, a journeyman DrGl of Ashenzari (Orc:1)
  The ghost of AttackTheMoon the Fighter, a journeyman GrEE of Ashenzari (Orc:1)
  4 merfolk javelineers
  4 deep elf death magi (Elf:3)
  Snorg (Lair:3)
  6 merfolk impalers
  A spectral kraken (Shoals:4)
  2 deep elf high priests (Elf:3)
  8 vault guards (D:13)
  8 hydras
  3 boulder beetles
  3 ghost crabs (Shoals:4)
  A centaur warrior (D:15)
  3 ogre magi
  An alligator snapping turtle (Shoals:1)
  3 catoblepae
  2 tengu warriors
  31 dancing weapons
  5 merfolk avatars
  16 two-headed ogres
  A death knight (D:13)
  3 orc high priests
  6 merfolk aquamancers
  A deep troll shaman (Depths:1)
  6 satyrs
  A deep troll earth mage (Depths:1)
  4 death yaks (Shoals:3)
  Urug (Lair:5)
  A shock serpent (shapeshifter) (D:14)
  22 deep elf knights
  An iron troll (Depths:1)
  3 skeletal warriors (D:13)
  A sixfirhy (Gauntlet)
  5 deep trolls
  8 sea snakes
  14 deep elf archers
  2 wizards (D:15)
  An obsidian statue (Gauntlet)
  A phantasmal warrior (D:13)
  16 harpies
  A necromancer (D:15)
  2 orc knights
  22 fauns
  33 deep elf pyromancers
  24 deep elf zephyrmancers
  An oklob plant (Lair:1)
  9 ugly things (D:14)
  3 orc sorcerers
  13 manticores
  7 slime creatures (D:13)
  8 cyclopes
  7 elephants
  A naga mage (D:15)
  8 black mambas
  14 merfolk sirens
  8 water nymphs
  8 cane toads
  2 gargoyles
  2 spectral sea snakes (Shoals:4)
  A kobold demonologist (D:11)
  9 rime drakes
  2 freezing wraiths
  7 komodo dragons
  2 unseen horrors (D:12)
  A yaktaur (shapeshifter) (D:15)
  33 merfolk
  A guardian mummy (D:13)
  6 wind drakes
  2 tengu conjurers
  A wind drake (shapeshifter) (D:15)
  3 meliai (D:13)
  The ghost of avis the Insei, an amateur DgTm (D:4)
  20 trolls
  7 polar bears
  A wolf spider simulacrum (D:15)
  A meliai zombie (D:13)
  A blink frog (shapeshifter) (D:13)
  A spectral manticore (Shoals:4)
  22 blink frogs
  8 dream sheep
  12 snapping turtles
  4 air elementals
  A vampire (D:9)
  7 wyverns
  5 basilisks
  5 wraiths
  15 water elementals
  A hog (shapeshifter) (D:14)
  53 yaks
  6 fire elementals
  3 steam dragons
  6 wargs
  3 nagas (Lair:3)
  An acid dragon (D:10)
  14 water moccasins
  A spectral snapping turtle (Shoals:4)
  4 hell hounds (D:15)
  A black bear (D:5)
  A sky beast (D:6)
  A meliai simulacrum (D:15)
  2 ice beasts (D:6)
  31 orc warriors
  22 ogres
  3 necrophages
  8 wolves
  8 boggarts (D:15)
  A tengu (shapeshifter) (Elf:1)
  10 centaurs
  2 kobold brigands
  3 phantoms
  10 bullfrogs
  7 earth elementals
  3 scorpions
  A gnoll sergeant (D:9)
  2 water moccasin skeletons
  5 killer bees (D:10)
  5 electric eels
  3 jellies
  9 centaur zombies
  19 orc priests
  The ghost of OstrichLN the Scratcher, a weakling FeTm (D:3)
  2 centaur skeletons
  4 iguanas
  26 orc wizards
  A hound zombie (D:3)
  A hound skeleton (D:5)
  5 gnolls (D:9)
  9 adders
  An adder (shapeshifter) (D:14)
  14 white imps
  4 ufetubi
  An adder skeleton (D:4)
  3 worms
  3 dart slugs
  86 orcs
  8 endoplasms
  3 giant cockroaches
  5 goblins
  4 hobgoblins (D:1)
  15 kobolds
  3 quokkas
  10 ball pythons
  A ball python zombie (D:3)
  5 bats
  3 frilled lizards
  8 rats
  5 bushes (Lair:1)
  3 tentacles
1077 creatures vanquished.

Vanquished Creatures (collateral kills)
  A ball lightning (Elf:1)
1 creature vanquished.

Vanquished Creatures (others)
  A deep elf pyromancer (Elf:2)
  An air elemental (Elf:1)
  20 ball lightnings
  A demonic plant (Gauntlet)
  39 fungi
  372 plants
  16 tentacles
  15 toadstools (Lair:1)
  25 withered plants
490 creatures vanquished.

Grand Total: 1568 creatures vanquished

Notes
Turn   | Place    | Note
-------+----------+-------------------------------------------
     0 | D:1      | petzl the Octopode Arcane Marksman began the quest for the
                  | Orb.
     0 | D:1      | Reached XP level 1. HP: 13/13 MP: 2/2
    82 | D:1      | Reached XP level 2. HP: 18/18 MP: 3/3
   300 | D:1      | Reached skill level 1 in Stealth
   590 | D:1      | Reached XP level 3. HP: 23/23 MP: 4/4
   599 | D:1      | Found a faded altar of an unknown god.
  1031 | D:2      | Learned a level 1 spell: Shock
  1060 | D:2      | Reached XP level 4. HP: 28/28 MP: 4/6
  1628 | D:2      | Reached skill level 1 in Conjurations
  1856 | D:3      | Found a runed translucent gate.
  1856 | D:3      | Found a runed translucent gate.
  1856 | D:3      | Found a runed translucent gate.
  1856 | D:3      | Noticed OstrichLN's ghost (weakling FeTm)
  1858 | D:3      | Found a basalt altar of Yredelemnul.
  2038 | D:3      | Reached XP level 5. HP: 29/34 MP: 5/7
  3124 | D:3      | Reached XP level 6. HP: 23/39 MP: 3/8
  3305 | D:3      | Reached skill level 2 in Spellcasting
  3675 | D:4      | You fall into a shaft and drop 1 floor!
  3675 | D:5      | Entered Level 5 of the Dungeon
  4041 | D:5      | Learned a level 3 spell: Ozocubu's Armour
  4045 | D:5      | Learned a level 3 spell: Swiftness
  4376 | D:6      | Reached XP level 7. HP: 13/45 MP: 7/10
  4658 | D:6      | Reached skill level 1 in Ice Magic
  5973 | D:4      | Found a runed translucent door.
  5977 | D:4      | Noticed avis's ghost (amateur DgTm)
  6215 | D:4      | Got the Tome of Venom
  6218 | D:4      | Learned a level 1 spell: Sting
  6346 | D:4      | Reached skill level 1 in Maces & Flails
  6346 | D:4      | Reached skill level 3 in Spellcasting
  6346 | D:4      | Reached XP level 8. HP: 51/51 MP: 6/12
  6662 | D:3      | Killed OstrichLN's ghost
  7466 | D:5      | Reached skill level 4 in Spellcasting
  7469 | D:5      | Learned a level 2 spell: Poisonous Vapours
  7473 | D:5      | Learned a level 3 spell: Conjure Flame
  7540 | D:5      | Reached skill level 1 in Poison Magic
  7942 | D:6      | Found Qeucasecs's Book Shoppe.
  7970 | D:7      | Reached skill level 1 in Fire Magic
  7990 | D:7      | Found Niozuph's General Store.
  8009 | D:7      | Found Edooll's Specific Store.
  8018 | D:7      | Bought a scroll of teleportation for 45 gold pieces
  8018 | D:7      | Bought a scroll of identify for 30 gold pieces
  8057 | D:7      | Found a staircase to the Ecumenical Temple.
  8062 | Temple   | Entered the Ecumenical Temple
  8226 | Temple   | Became a worshipper of Vehumet
  8682 | D:7      | Found a hazy altar of Hepliaklqana.
  9040 | D:8      | Reached skill level 1 in Air Magic
  9040 | D:8      | Reached XP level 9. HP: 39/55 MP: 8/15
  9544 | D:6      | Identified the +3 barding of Xidob {Harm Drain Int+4 Dex+4}
  9887 | D:6      | Found a white marble altar of Elyvilon.
  9887 | D:6      | Found a shimmering altar of Xom.
 10304 | D:6      | Reached skill level 5 in Conjurations
 11571 | D:7      | Reached skill level 5 in Fire Magic
 11715 | D:8      | Reached * piety under Vehumet
 11715 | D:8      | Offered knowledge of Freeze by Vehumet.
 12129 | D:8      | Reached XP level 10. HP: 35/61 MP: 6/16
 12312 | D:9      | Identified the ring of Hedonism {Wiz rElec rN+ Will+}
 12500 | D:9      | Reached skill level 1 in Evocations
 14130 | D:4      | Killed avis's ghost
 14346 | D:9      | Reached skill level 5 in Spellcasting
 14963 | D:9      | Reached skill level 5 in Stealth
 16085 | D:10     | Entered Level 10 of the Dungeon
 16179 | D:10     | Learned a level 2 spell: Blink
 16660 | D:10     | Noticed a two-headed ogre
 16715 | D:10     | Killed a two-headed ogre
 16716 | D:10     | Reached skill level 5 in Ice Magic
 16840 | D:10     | Learned a level 1 spell: Freeze
 16924 | D:10     | Reached skill level 6 in Spellcasting
 17077 | D:10     | Reached skill level 1 in Translocations
 17302 | D:10     | Reached XP level 11. HP: 61/69 MP: 4/20
 17424 | D:10     | Found a staircase to the Lair.
 17488 | D:10     | Reached skill level 1 in Polearms
 17488 | D:10     | Reached skill level 1 in Transmutations
 18098 | D:10     | Found an ancient bone altar of Kikubaaqudgha.
 18117 | D:10     | Found the +4 robe of Folly {Brilliance Will-∞ Int+8}
 18157 | D:10     | Identified a scroll of acquirement
 18264 | D:6      | Acquired the Grimoire of Feathery Ice
 18275 | D:6      | Learned a level 5 spell: Freezing Cloud
 18615 | D:10     | Offered knowledge of Magic Dart by Vehumet.
 18708 | D:10     | Reached ** piety under Vehumet
 18896 | D:10     | Noticed a six-headed hydra
 18916 | D:10     | Noticed a two-headed ogre
 18920 | D:10     | Killed a two-headed ogre
 19404 | D:10     | Killed a six-headed hydra
 19619 | D:10     | Found an ancient bone altar of Kikubaaqudgha.
 19619 | D:10     | Found a shadowy altar of Dithmenos.
 19645 | D:10     | Found a hide-covered altar of Uskayaw.
 19647 | D:10     | Found a stormy altar of Qazlal.
 19648 | D:10     | Found an ornate altar of the Wu Jian Council.
 20110 | D:11     | Noticed Fannar
 20126 | D:11     | Reached skill level 5 in Air Magic
 20141 | D:11     | Reached skill level 10 in Conjurations
 20592 | D:11     | Noticed a boulder beetle
 20724 | D:11     | Found a hide-covered altar of Uskayaw.
 20727 | D:11     | Noticed a +0 dagger
 20728 | D:11     | Noticed a +0 hand axe
 20737 | D:11     | Noticed a four-headed hydra
 20742 | D:11     | Killed a four-headed hydra
 20743 | D:11     | Reached skill level 7 in Spellcasting
 20994 | D:11     | Reached XP level 12. HP: 68/74 MP: 11/23
 21200 | D:11     | Killed a boulder beetle
 21487 | D:12     | Found a staircase to the Orcish Mines.
 21574 | D:12     | Reached skill level 8 in Spellcasting
 21703 | D:12     | Offered knowledge of Dazzling Flash by Vehumet.
 21802 | Orc:1    | Entered Level 1 of the Orcish Mines
 21811 | Orc:1    | Reached *** piety under Vehumet
 22378 | D:12     | Found a transporter.
 22378 | D:12     | Noticed a centaur warrior
 22458 | D:12     | Reached skill level 9 in Spellcasting
 22606 | D:12     | Offered knowledge of Ignite Poison by Vehumet.
 22877 | D:12     | Noticed Uhucan's ghost (journeyman MiBe)
 22902 | D:12     | Found a transporter.
 23014 | D:13     | Noticed a two-headed ogre
 23030 | D:13     | Killed a two-headed ogre
 23597 | D:13     | Noticed a death knight
 23623 | D:13     | Found a gate to the Vaults.
 23623 | D:13     | Noticed a vault guard
 23623 | D:13     | Noticed a vault guard
 23623 | D:13     | Noticed a vault guard
 23624 | D:13     | Noticed a vault guard
 23624 | D:13     | Noticed a vault guard
 23624 | D:13     | Noticed a vault guard
 23624 | D:13     | Noticed a vault guard
 23624 | D:13     | Noticed a vault guard
 23631 | D:13     | Killed a vault guard
 23632 | D:13     | Killed a vault guard
 23632 | D:13     | Killed a vault guard
 23633 | D:13     | Reached skill level 10 in Spellcasting
 23633 | D:13     | Killed a vault guard
 23636 | D:13     | Killed a vault guard
 23637 | D:13     | Killed a vault guard
 23638 | D:13     | Reached XP level 13. HP: 79/79 MP: 16/27
 23641 | D:13     | Killed a vault guard
 23642 | D:13     | Reached skill level 11 in Spellcasting
 23644 | D:13     | Killed a vault guard
 23745 | D:13     | Reached **** piety under Vehumet
 24185 | Orc:1    | Noticed an orc warlord
 24188 | D:12     | Offered knowledge of Mephitic Cloud by Vehumet.
 24193 | D:12     | Learned a level 3 spell: Mephitic Cloud
 24324 | Lair:1   | Entered Level 1 of the Lair of Beasts
 24461 | D:6      | Bought a book of Dangerous Friends for 520 gold pieces
 24469 | D:6      | Learned a level 7 spell: Orb of Destruction
 24717 | D:12     | Gained mutation: You passively map a small area around you.
                  | [potion of mutation]
 24717 | D:12     | Gained mutation: You are strong-willed. (Will+) [potion of
                  | mutation]
 24948 | D:12     | Killed an orc warlord
 25216 | Orc:1    | Reached skill level 1 in Shields
 25524 | Orc:1    | Found Xixoyx's Book Shop.
 25783 | Orc:1    | Found a runed translucent gate.
 25783 | Orc:1    | Found a runed translucent gate.
 25784 | Orc:1    | Found a runed translucent gate.
 25790 | Orc:1    | Noticed AttackTheMoon's ghost (journeyman GrEE)
 25790 | Orc:1    | Noticed Gukkel's ghost (journeyman DrGl)
 25971 | Orc:2    | Entered Level 2 of the Orcish Mines
 25985 | Orc:2    | Reached skill level 5 in Fighting
 26329 | Orc:2    | Found Gyse's Antique Armour Emporium.
 26390 | Orc:2    | Reached skill level 12 in Spellcasting
 27114 | Orc:2    | Reached ***** piety under Vehumet
 27458 | Orc:1    | Offered knowledge of Fireball by Vehumet.
 28128 | Orc:2    | Found a staircase to the Elven Halls.
 28142 | Orc:2    | Reached skill level 13 in Spellcasting
 28148 | Orc:2    | Learned a level 5 spell: Fireball
 28409 | Orc:2    | Found Buolit's Antique Armour Shoppe.
 28415 | Orc:2    | Found Qatass's General Store.
 28425 | Orc:2    | Found Kalog's Antique Weapon Emporium.
 28434 | Orc:2    | Reached XP level 14. HP: 90/90 MP: 19/31
 29177 | Elf:1    | Entered Level 1 of the Elven Halls
 29847 | Orc:1    | Killed Gukkel's ghost
 29960 | Orc:1    | Killed AttackTheMoon's ghost
 30567 | Lair:1   | Found a transporter.
 30572 | Lair:1   | Noticed bande's ghost (journeyman GrFi)
 30590 | Lair:1   | Found a transporter.
 30725 | Lair:1   | Reached skill level 14 in Spellcasting
 30730 | Lair:1   | Learned a level 4 spell: Sticky Flame
 31687 | Lair:2   | Identified the +4 hunting sling "Ycugejol" {speed, rCorr
                  | Int-5 Dex+3}
 32306 | Lair:2   | Offered knowledge of Iron Shot by Vehumet.
 32579 | Lair:1   | Found a blossoming altar of Fedhas.
 33994 | Lair:3   | Found a staircase to the Snake Pit.
 34003 | Lair:3   | Found a staircase to the Shoals.
 34460 | Lair:5   | Noticed Urug
 34479 | Lair:5   | Killed Urug
 34853 | Lair:4   | Reached XP level 15. HP: 99/99 MP: 18/33
 35069 | Lair:3   | Noticed Snorg
 35094 | Lair:3   | Killed Snorg
 35569 | Lair:4   | Offered knowledge of Irradiate by Vehumet.
 35908 | Lair:4   | Reached skill level 5 in Shields
 36320 | Lair:6   | Entered Level 6 of the Lair of Beasts
 36349 | Lair:6   | Found a gate leading to a gauntlet.
 36380 | Gauntlet | Entered a Gauntlet
 36380 | Gauntlet | Found a transporter.
 36385 | Gauntlet | Found a transporter.
 36401 | Gauntlet | Found a transporter.
 36402 | Gauntlet | Found a transporter.
 36410 | Gauntlet | Found a transporter.
 36427 | Gauntlet | Found a transporter.
 36433 | Gauntlet | Found a transporter.
 36453 | Gauntlet | Found a transporter.
 36465 | Gauntlet | Found a transporter.
 36472 | Gauntlet | Found a transporter.
 36473 | Gauntlet | Found a transporter.
 36475 | Gauntlet | Found a transporter.
 36528 | Gauntlet | Found a transporter.
 36535 | Gauntlet | Found a transporter.
 36604 | Gauntlet | Learned a level 1 spell: Apportation
 36807 | Gauntlet | Reached skill level 15 in Spellcasting
 37238 | Gauntlet | Identified the ring "Naacloxon" {Fly rPois rC+}
 37278 | Gauntlet | Learned a level 1 spell: Summon Small Mammal
 37285 | Gauntlet | Identified the +2 helmet of Qyrgh {Will- Str+4}
 37289 | Gauntlet | Reached skill level 10 in Stealth
 37642 | Gauntlet | Acquired the +3 warlock's mirror {reflect}
 37642 | Gauntlet | Found the +3 warlock's mirror {reflect}
 37777 | Lair:6   | Found an ornate altar of the Wu Jian Council.
 37777 | Lair:6   | Found a hide-covered altar of Uskayaw.
 38134 | Lair:6   | Offered knowledge of Conjure Ball Lightning by Vehumet.
 38290 | Lair:5   | Found a runed translucent door.
 38290 | Lair:5   | Found a viscous altar of Jiyva.
 38290 | Lair:5   | Found a staircase to the Slime Pits.
 38290 | Lair:5   | Noticed an acid blob
 38290 | Lair:5   | Noticed an acid blob
 38290 | Lair:5   | Noticed an acid blob
 38290 | Lair:5   | Noticed an acid blob
 38907 | Orc:2    | Bought a potion of heal wounds for 85 gold pieces
 38907 | Orc:2    | Bought an amulet of the acrobat for 510 gold pieces
 39632 | Elf:1    | Paralysed by an air elemental for 1 turns
 39785 | Elf:1    | Reached skill level 16 in Spellcasting
 40722 | Elf:1    | Reached XP level 16. HP: 108/108 MP: 21/36
 40730 | Elf:1    | Learned a level 6 spell: Conjure Ball Lightning
 41472 | Elf:3    | Entered Level 3 of the Elven Halls
 41837 | Elf:2    | Found a shimmering blue altar of Sif Muna.
 41893 | Elf:2    | Reached skill level 10 in Fighting
 42590 | Elf:2    | Found a runed translucent gate.
 42591 | Elf:2    | Found a runed translucent gate.
 42591 | Elf:2    | Found a runed translucent gate.
 42959 | Elf:2    | Offered knowledge of Starburst by Vehumet.
 43372 | Elf:2    | Reached skill level 17 in Spellcasting
 43944 | Elf:3    | Noticed an Ice Fiend
 44695 | Elf:3    | Reached XP level 17. HP: 117/117 MP: 30/38
 44734 | Elf:3    | Found Kusch's Jewellery Boutique.
 44735 | Elf:3    | Found Toissy's Book Emporium.
 44735 | Elf:3    | Found Zuoro's Book Emporium.
 44813 | Elf:3    | Found Ocanuyline's Antique Weapon Emporium.
 45992 | Elf:3    | Identified the amulet "Biephenk" {RegenMP Int+4}
 46251 | Elf:3    | Identified the ring "Jialyjup" {Str-2 Int+6 Dex+4 Slay+4}
 46287 | Elf:3    | Identified the +7 rapier of the People {flame, rPois rC+
                  | Int+3}
 46656 | Elf:3    | Offered knowledge of Lightning Bolt by Vehumet.
 47494 | Elf:3    | Noticed Aizul
 47503 | Elf:3    | Killed Aizul
 47507 | Elf:3    | Noticed a deep elf master archer
 47662 | Elf:3    | Killed a deep elf master archer
 48072 | Elf:3    | Identified the +2 robe "Heaqin" {Harm rElec rPois rF-}
 48345 | Elf:3    | Acquired 1114 gold pieces
 48434 | Elf:3    | Identified the +2 arbalest "Xearephiehe" {vorpal, rF+
                  | Int+4}
 48458 | Elf:3    | Found the +8 storm bow {elec, penet}
 48474 | Elf:3    | Got the Papyrus of Envenoming and Lightness
 49853 | D:13     | Reached skill level 1 in Long Blades
 50301 | D:14     | Reached XP level 18. HP: 113/129 MP: 7/39
 51361 | D:15     | Entered Level 15 of the Dungeon
 51398 | D:15     | Offered knowledge of Ignition by Vehumet.
 52173 | D:15     | Noticed Azrael
 52308 | D:15     | Killed Azrael
 52492 | D:15     | Reached skill level 18 in Spellcasting
 53620 | D:15     | Found Vewaata's Jewellery Boutique.
 53637 | D:15     | Bought the ring "Jemogg" {Will+ Dex+6} for 802 gold pieces
 53648 | D:15     | Bought the ring "Foareso" {Will+ AC+4 Dex+2 Stlth+} for
                  | 1000 gold pieces
 53946 | D:15     | Found a staircase to the Depths.
 53951 | Depths:1 | Entered Level 1 of the Depths
 54417 | D:7      | Bought 2 potions of cancellation for 240 gold pieces
 55141 | Shoals:1 | Entered Level 1 of the Shoals
 55517 | Shoals:2 | Reached skill level 19 in Spellcasting
 55531 | Shoals:1 | Learned a level 8 spell: Ignition
 57505 | Shoals:3 | Noticed Ilsuiw
 57792 | Shoals:2 | Reached XP level 19. HP: 97/137 MP: 29/42
 58328 | Shoals:4 | Entered Level 4 of the Shoals
 58348 | Shoals:4 | Reached skill level 15 in Fighting
 58484 | Shoals:3 | Noticed Polyphemus
 59344 | Shoals:3 | Noticed Donald
 59397 | Shoals:3 | Killed Donald
 59436 | Shoals:3 | Killed Polyphemus
 60213 | Shoals:3 | Killed Ilsuiw
 60348 | Shoals:3 | Reached ****** piety under Vehumet
 60739 | Shoals:4 | Offered knowledge of Lehudib's Crystal Spear by Vehumet.
 60739 | Shoals:4 | Offered knowledge of Fire Storm by Vehumet.
 60739 | Shoals:4 | Offered knowledge of Polar Vortex by Vehumet.
 61055 | Shoals:4 | Identified the +5 dagger "Demonbane" {venom, Dex+3}
 61385 | Shoals:4 | Got a barnacled rune of Zot
 61681 | Shoals:4 | Identified the +4 leather armour "Vadymeminu" {rF- rN+++
                  | Dex+6}
 61808 | Shoals:4 | Reached skill level 10 in Fire Magic
 63722 | Lair:5   | Killed from afar by an acid blob

Illustrated notes

Levels and vault maps discovered:
D:1:      dpeg_arrival_short_road, layout_basic, shapermc_ecumenical_altar_petra
D:2:      layout_basic
D:3:      layout_basic, nicolae_yredelemnul_ghost_church
D:4:      layout_gridville, ebering_ghost_sewer_d, kennysheep_nondescript
D:5:      layout_gridville
D:6:      layout_loops_ring, gammafunk_temple_overflow_wave,
          minmay_tree_intersection, nicolae_take_the_stairs
D:7:      layout_cave_pools, nzn_hepliaklqana_mist_gate,
          minmay_temple_entry_nine_rooms, nicolae_specific_store
D:8:      layout_basic
D:9:      layout_loops_ring, serial_bayou_lagoon_b
D:10:     layout_long_grid, chequers_temple_overflow_minitemple,
          erik_lair_dragon, st_stairs_1, kennysheep_flooded_box
D:11:     layout_basic, dancing_weapons_uskayaw, uniq_fannar
D:12:     layout_cave_pools, david_orc_1_choice, gammafunk_ghost_arena
D:13:     layout_roguey, erik_vaults_2, serial_undead, serial_undead_f,
          serial_undead_c, serial_undead_a, serial_undead_e
D:14:     layout_loops_cross
D:15:     grunt_enter_depths_magical_seal, layout_cave_pods,
          chequers_serial_rivers_small_3, serial_shops, nicolae_square_shop,
          serial_bayou_lake_a, uniq_azrael
Temple:   nicolae_temple_figure_eight
Lair:1:   layout_gridlike, gammafunk_ghost_berserking_beasts, tgw_fedhas
Lair:2:   layout_chaotic_city, st_stairs_8, grunt_megastairs_1,
          lemuel_fruit_fields
Lair:3:   layout_cellular_growth, minmay_shoals_entry_beasts,
          guppyfry_snake_entry_island, infiniplex_staircase_pool, uniq_snorg
Lair:4:   layout_cave_pods, minmay_lair_drake_nest, grunt_megastairs_2
Lair:5:   layout_hall_layers, slime_altar_2, uniq_urug
Lair:6:   hellmonk_lair_end_abyssal_woods, layout_regular_city,
          gauntlet_entry_generic, portal_ice_cave_entry_imps,
          nzn_masters_of_martial_movement, serial_bayou_shore_b
Shoals:1: layout_shoals, nicolae_shoals_lost_giant_hut
Shoals:2: layout_shoals
Shoals:3: layout_shoals, uniq_ilsuiw, uniq_polyphemus, uniq_donald
Shoals:4: shoals_end_grunt_garden, layout_shoals, nicolae_shoals_spectral_cove
Orc:1:    layout_caves, gammafunk_ghost_cemetery, serial_shops,
          nicolae_shop_crystal
Orc:2:    st_orc_open, layout_caves
Elf:1:    eino_elf_arrival_the_gate, layout_rooms, evilmike_minifort
Elf:2:    nicolae_elf_blades_crystal_corner, layout_geoelf_grid, basic_altar
Elf:3:    nooodl_elf_gasket, layout_geoelf_grid, serial_shops, shop,
          minmay_shop_grove, uniq_aizul
Depths:1: layout_honeycomb, enter_ziggurat_d, hell_entry,
          hangedman_abyss_or_decor_slice, guppyfry_shop_earth, minmay_shop_star

Skill      XL: |  1  2  3  4  5  6  7  8  9 10 11 12 13 14 15 16 17 18 19 |
---------------+----------------------------------------------------------+-----
Stealth        | 1 2 3 6 7 9 10 | 10.4
Conjurations   | 1 2 4 7 8 10 12 13 14 | 14.4
Fighting       | 2 4 6 8 9 11 13 14 16 | 16.9
Spellcasting   | 2 3 4 6 7 10 13 14 16 17 19 | 19.4
Crossbows      | 3 4 |  4.0
Dodging        | 3 4 |  4.0
Ice Magic      | 4 5 |  5.3
Maces & Flails | 1 3 |  3.0
Poison Magic   | 3 |  3.0
Fire Magic     | 3 5 6 7 8 10 | 10.2
Air Magic      | 1 3 5 7 8 |  8.0
Evocations     | 3 |  3.0
Translocations | 1 |  1.9
Polearms       | 1 |  1.2
Transmutations | 1 |  1.2
Shields        | 3 4 5 |  5.5
Long Blades    | 1 2 |  2.7
Hexes          | |  3.9

Action                   |  1- 3 |  4- 6 |  7- 9 | 10-12 | 13-15 | 16-18 | 19-21 || total
-------------------------+-------+-------+-------+-------+-------+-------+-------++-------
Melee: Dagger            |     4 |   128 |    27 |     2 |       |       |       ||   161
       Tentacles         |     2 |    25 |    46 |    27 |    33 |    46 |    17 ||   196
       Constrict         |     1 |    28 |    25 |    22 |    31 |    24 |     9 ||   140
       Flail             |       |       |   134 |   119 |   102 |       |       ||   355
       Rapier            |       |       |    15 |       |       |       |       ||    15
       Trident           |       |       |     2 |    46 |       |       |       ||    48
       Hand crossbow     |       |       |       |     1 |       |       |       ||     1
       Long sword        |       |       |       |       |     8 |   121 |    35 ||   164
 Fire: Hand crossbow     |    57 |    36 |   133 |    75 |    52 |    20 |     3 ||   376
Throw: Dart              |       |       |    13 |     5 |       |       |       ||    18
       Boomerang         |       |       |       |    29 |     1 |       |       ||    30
 Cast: Slow              |     4 |    36 |    83 |    78 |     1 |       |       ||   202
       Ozocubu's Armour  |       |       |    26 |    31 |    21 |    23 |     2 ||   103
       Conjure Flame     |       |       |    23 |    50 |    12 |     3 |     3 ||    91
       Poisonous Vapours |       |       |    38 |   156 |     6 |       |       ||   200
       Sting             |       |       |     2 |       |       |       |       ||     2
       Shock             |       |       |     1 |    15 |    19 |       |       ||    35
       Swiftness         |       |       |     2 |       |       |       |       ||     2
       Blink             |       |       |       |    12 |    30 |     4 |     2 ||    48
       Freezing Cloud    |       |       |       |    64 |   200 |   165 |    56 ||   485
       Orb of Destructio |       |       |       |       |   134 |   217 |   118 ||   469
       Mephitic Cloud    |       |       |       |       |     3 |     1 |       ||     4
       Fireball          |       |       |       |       |    28 |    50 |    14 ||    92
       Sticky Flame      |       |       |       |       |    12 |    32 |     2 ||    46
       Summon Small Mamm |       |       |       |       |     1 |     1 |       ||     2
       Conjure Ball Ligh |       |       |       |       |       |     4 |     5 ||     9
Evoke: Wand              |       |       |     8 |     5 |     2 |    12 |       ||    27
  Use: Scroll            |       |     4 |     9 |    12 |    13 |    11 |       ||    49
       Potion            |       |     5 |     1 |     2 |     7 |     5 |       ||    20
 Stab: Sleeping          |       |     9 |     3 |       |       |       |       ||    12
       Invisible         |       |       |       |       |       |     1 |       ||     1
Armor: Skin              |     2 |     7 |    44 |    54 |    22 |    14 |     9 ||   152
Dodge: Dodged            |     7 |    81 |   151 |   101 |   146 |   144 |    64 ||   694
Block: Buckler           |       |       |       |       |    20 |   102 |    37 ||   159
       Reflection        |       |       |       |       |     7 |    30 |    19 ||    56

Table legend: (Time is in decaauts)
 A = Elapsed time spent in this place.
 B = Non-inter-level travel time spent in this place.
 C = Inter-level travel time spent in this place.
 D = Time resting spent in this place.
 E = Time spent auto-exploring this place.
 F = Levels seen in this place.
 G = Mean time per level.
                   A        B        C        D        E       F      G
               +--------+--------+--------+--------+--------+-----+--------+
         Total |  64027 |  58219 |   5808 |  29311 |   4539 |  33 | 1940.2 |
       Dungeon |  31690 |  27997 |   3693 |  12885 |   3554 |  15 | 2112.7 |
        Temple |    203 |    169 |     34 |      0 |    159 |   1 |  203.0 |
          Lair |   8435 |   7613 |    822 |   3761 |    361 |   6 | 1405.8 |
        Shoals |   7483 |   6926 |    557 |   4052 |      0 |   4 | 1870.8 |
  Orcish Mines |   4340 |   4171 |    169 |   2432 |      0 |   2 | 2170.0 |
   Elven Halls |  10422 |   9890 |    532 |   5482 |    465 |   3 | 3474.0 |
        Depths |    196 |    196 |      0 |     96 |      0 |   1 |  196.0 |
      Gauntlet |   1255 |   1255 |      0 |    602 |      0 |   1 | 1255.0 |
               +--------+--------+--------+--------+--------+-----+--------+

Top non-repeatable levels by time:
   Elf:3: 4290 daAuts
    D:10: 4193 daAuts
   Elf:2: 3541 daAuts
    D:12: 3468 daAuts
     D:8: 3014 daAuts
     D:9: 2999 daAuts
   Orc:1: 2949 daAuts
   Elf:1: 2590 daAuts
Shoals:2: 2533 daAuts
    D:13: 2513 daAuts
     D:6: 2249 daAuts
     D:5: 2142 daAuts
  Lair:1: 1987 daAuts
    D:15: 1952 daAuts
  Lair:3: 1938 daAuts
